 Seeded DCSS version 0.29.1-15-g9cfb28693d (webtiles) character file.

Game seed: 16245865983455551772 (custom seed)

18656 Darius099 the Covert (level 12, 0/79 HPs)
             Began as an Octopode Brigand on Mar 8, 2023.
             Was an Elder of Dithmenos.
             Slain by a large slime creature (31 damage)
             ... on level 12 of the Dungeon on Mar 10, 2023.
             The game lasted 00:36:02 (12530 turns).

Darius099 the Covert (Octopode Brigand)            Turns: 12530, Time: 00:36:03

Health: 0/79       AC:  4    Str: 17    XL:     12   Next: 60%
Magic:  23/23      EV: 21    Int: 33    God:    Dithmenos [****..]
Gold:   675        SH:  0    Dex: 22    Spells: 14/26 levels left

rFire   + . .      SeeInvis +   a - +3 dagger
rCold   . . .      Faith    .   (no shield)
rNeg    . . .      Spirit   .   y - +3 crown of Dyrovepreva {rElec Int+2 SInv}
rPois   .          Reflect  .   q - amulet of regeneration
rElec   +          Harm     .   h - +6 ring of intelligence
rCorr   .          Rampage  .   i - +6 ring of intelligence
Will    +....                   A - ring "Vokug" {rElec rF+ Will+ Str+6 Dex+4} Stlth *+++++++++
                                F - +6 ring of intelligence
HPRegen 1.03/turn               (no ring)
MPRegen 0.18/turn               (no ring)
                                (no ring)
                                (no ring)

@: wreathed by umbra, studying Spellcasting
A: almost no armour, amphibious, 8 rings, camouflage 1, gelatinous body 1,
(nimble swimmer 1), tentacles
a: Renounce Religion, Shadow Step


You were on level 12 of the Dungeon.
You worshipped Dithmenos.
Dithmenos was greatly pleased with you.
You visited 1 branch of the dungeon, and saw 13 of its levels.

You collected 1598 gold pieces.
You spent 923 gold pieces at shops.

Inventory:

Hand Weapons
 a - a +3 dagger (weapon)
Missiles
 b - 53 poisoned darts (quivered)
 c - 5 curare-tipped darts
 I - 2 silver javelins
Armour
 j - the +2 hat of the Constellations {Slay+2}
   (You acquired it on level 1 of the Dungeon)

   Slay:      It affects your accuracy & damage with ranged weapons and melee
   (+2).
 y - the +3 crown of Dyrovepreva (worn) {rElec Int+2 SInv}
   (You acquired it on level 8 of the Dungeon)

   Int:       It affects your intelligence (+2).
   rElec:     It insulates you from electricity.
   SInv:      It lets you see invisible.
Jewellery
 h - a +6 ring of intelligence (left tentacle)
 i - a +6 ring of intelligence (right tentacle)
 q - an amulet of regeneration (around mantle)
 A - the ring "Vokug" (on tentacle) {rElec rF+ Will+ Str+6 Dex+4}
   (You bought it in a shop on level 7 of the Dungeon)

   [ring of strength]

   Str:       It affects your strength (+6).
   Dex:       It affects your dexterity (+4).
   rF:        It protects you from fire.
   rElec:     It insulates you from electricity.
   Will:      It increases your willpower.
 F - a +6 ring of intelligence (on tentacle)
 J - a ring of ice
Wands
 o - a wand of roots (25)
 z - a wand of flame (80)
 D - a wand of charming (11)
 K - a wand of digging (7)
Scrolls
 d - a scroll of identify
 g - 8 scrolls of teleportation
 l - a scroll of magic mapping {unknown}
 m - 3 scrolls of summoning {unknown}
 n - 3 scrolls of immolation
 p - a scroll of noise {unknown}
 t - a scroll of silence {unknown}
 w - 8 scrolls of amnesia
 x - a scroll of butterflies {unknown}
 C - 2 scrolls of poison {unknown}
 G - a scroll of enchant armour {unknown}
Potions
 e - a potion of might
 f - 3 potions of flight
 k - 5 potions of lignification
 r - 4 potions of curing
 s - 4 potions of berserk rage
 u - 3 potions of heal wounds
 v - 4 potions of brilliance
 B - 3 potions of attraction
 E - 4 potions of degeneration
 H - 2 potions of cancellation


   Skills:
 + Level 6.2 Fighting
 + Level 11.1 Short Blades
 - Level 2.0 Throwing
 + Level 10.8 Dodging
 - Level 14.1 Stealth
 + Level 7.6 Spellcasting
 + Level 5.5 Hexes


You had 14 spell levels left.
You knew the following spells:

 Your Spells              Type           Power      Damage    Failure   Level
a - Confusing Touch       Hex            49%        N/A       1%          3
b - Yara's Violent Unrav  Hex/Tmut       15%        3d8       32%         5
c - Ensorcelled Hibernat  Hex/Ice        60%        N/A       1%          2
d - Blink                 Tloc           24%        N/A       5%          2

Your spell library contained the following spells:

 Spells                   Type           Power      Damage    Failure   Level
 Sting                    Tmut/Pois      48%        1d5       3%          1
 Poisonous Vapours        Pois/Air       24%        N/A       5%          2
 Lesser Beckoning         Tloc           12%        N/A       11%         3
 Spider Form              Tmut/Pois      12%        N/A       11%         3
 Anguish                  Hex/Necr       15%        N/A       12%         4
 Summon Mana Viper        Hex/Summ       30%        N/A       32%         5
 Olgreb's Toxic Radiance  Pois           12%        N/A       34%         4
 Manifold Assault         Tloc           12%        N/A       69%         5
 Summon Forest            Summ/Tloc      6%         N/A       69%         5
 Enfeeble                 Hex            24%        N/A       97%         7
 Summon Cactus Giant      Summ           6%         N/A       99%         6
 Chain Lightning          Conj/Air       6%         3d8       100%        9
 Fire Storm               Conj/Fire      6%         8d2       100%        9
 Shatter                  Erth           6%         3d9*      100%        9


Dungeon Overview and Level Annotations

Branches:
Dungeon (13/15)            Temple (0/1) D:5            Lair (0/5) D:8
    Orc (0/2) D:12
 Vaults: D:13-14

Altars:
Ashenzari
Cheibriados
Dithmenos
Hepliaklqana
Makhleb
Okawaru
Qazlal
Ru
Xom
Zin

Shops:
D:3 [   D:4 *:[   D:7 =


Innate Abilities, Weirdness & Mutations

You cannot wear most types of armour.
You are amphibious.
You can wear up to eight rings at the same time.
Your skin changes colour to match your surroundings (Stealth+).
Your rubbery body absorbs attacks. (AC +1, EV +1)
((You are camouflaged when in or above water. (Stealth+)))
You have tentacles for arms and can constrict up to eight enemies at once.


Message History

You hit the large slime creature. You squeeze the large slime creature!
The large slime creature is lightly wounded.
You hit the large slime creature. You squeeze the large slime creature.
The large slime creature is moderately wounded.
The slime creature misses you.
You hit the large slime creature.
The large slime creature is moderately wounded.
You hit the large slime creature.
The large slime creature is moderately wounded.
The slime creature misses you. The large slime creature misses you.
The slime creature completely misses you.
You hit the large slime creature.
The large slime creature is moderately wounded.
Your shadow hits the large slime creature with a dagger.
You hit the large slime creature.
Your squeeze misses the large slime creature.
The large slime creature is moderately wounded.
The slime creature misses you.
A large slime creature splits.
Two slime creatures merge to form a large slime creature. x2
You barely miss the slime creature. You squeeze the slime creature!
The slime creature is heavily wounded.
You hit the slime creature.
The slime creature is severely wounded.
The slime creature closely misses you.
A large slime creature splits.
The slime creature hits you!!
You hit the slime creature. Your squeeze misses the slime creature.
The slime creature is severely wounded.
You hit the slime creature.
The slime creature is severely wounded.
The slime creature misses you.
The large slime creature hits you but does no damage.
The slime creature closely misses you. The slime creature misses you.
The slime creature hits you!
You barely miss the slime creature. You squeeze the slime creature.
The slime creature is severely wounded.
Your shadow hits the slime creature with a dagger.
You hit the slime creature. You squeeze the slime creature!
The slime creature is almost dead.
The slime creature hits you! The large slime creature hits you!!
You die...

######### ######### ........#
#........ #
......JJ########........ #
......J@.......#........ #
......JJ.......#........ #
######........#................
..............#................
..............#..........#.#...
#...............#................
................#..........#.#..#
##..............#...............#
..†...... .................


You could see a large slime creature and 4 slime creatures.

Vanquished Creatures
  Fannar (D:10)
  3 two-headed ogres
  Urug (D:12)
  Amaemon (D:8)
  A glowing orange brain (shapeshifter) (D:11)
  A deep elf pyromancer (D:12)
  A manticore (D:13)
  A cyclops (D:12)
  Maurice (D:8)
  Joseph (D:8)
  An orange demon (D:8)
  Psyche (D:8)
  A kobold demonologist (D:11)
  A komodo dragon (D:11)
  An unseen horror (D:11)
  2 trolls
  A hornet (D:8)
  Sigmund (D:5)
  3 shadows
  A human (D:11)
  3 hogs (D:11)
  4 wyverns
  A basilisk (D:12)
  A fire elemental (D:10)
  27 yaks
  4 vampire mosquitoes (D:12)
  A steam dragon (D:7)
  A water moccasin (D:6)
  2 ice beasts
  3 orc warriors
  3 black bears
  An ogre (D:4)
  A phantom (D:6)
  5 centaurs
  5 kobold brigands
  4 bullfrogs
  2 necrophages
  A gnoll sergeant (D:11)
  6 scorpions
  11 wights
  5 killer bees
  4 howler monkeys
  4 orc priests
  4 hounds
  A gnoll bouda (D:7)
  An iron imp (D:4)
  Jessica (D:2)
  3 iguanas
  9 orc wizards
  Natasha (thrice) (D:3)
  A hound skeleton (D:4)
  11 gnolls
  5 adders
  A dart slug (D:5)
  27 orcs
  6 ball pythons
  3 bats
  8 endoplasms
  A giant cockroach (D:4)
  5 goblins
  8 hobgoblins
  4 quokkas
  3 frilled lizards
  31 kobolds
  7 rats
267 creatures vanquished.

Vanquished Creatures (others)
  2 orcs (D:7)
  19 fungi (D:8)
  18 plants
39 creatures vanquished.

Grand Total: 306 creatures vanquished

Notes
Turn   | Place    | Note
-------+----------+-------------------------------------------
     0 | D:1      | Darius099 the Octopode Brigand began the quest for the Orb.
     0 | D:1      | Reached XP level 1. HP: 14/14 MP: 1/1
   335 | D:1      | Reached XP level 2. HP: 19/19 MP: 2/2
   400 | D:1      | Found a faded altar of an unknown god.
  1187 | D:1      | Reached XP level 3. HP: 24/24 MP: 3/3
  1187 | D:1      | Identified 3 scrolls of acquirement
  1187 | D:1      | Acquired the +2 hat of the Constellations {Slay+2}
  1188 | D:1      | Acquired 870 gold pieces
  1258 | D:2      | Acquired a manual of Spellcasting
  1465 | D:2      | Noticed Jessica
  1469 | D:2      | Killed Jessica
  1470 | D:2      | Reached skill level 6 in Stealth
  1470 | D:2      | Reached XP level 4. HP: 29/29 MP: 4/4
  1919 | D:3      | Reached XP level 5. HP: 20/34 MP: 5/5
  2167 | D:3      | Noticed Natasha
  2182 | D:3      | Killed Natasha
  2418 | D:3      | Found Ymmy Ciutu's Antique Armour Shoppe.
  2432 | D:3      | Noticed Natasha
  2445 | D:3      | Killed Natasha
  2446 | D:3      | Reached skill level 7 in Stealth
  2446 | D:3      | Reached XP level 6. HP: 39/39 MP: 6/6
  2831 | D:3      | Noticed Natasha
  2835 | D:3      | Killed Natasha
  2864 | D:4      | Found Tuuwolaw's General Store.
  3029 | D:4      | Found a snail-covered altar of Cheibriados.
  3319 | D:4      | Found Koenoidu's Book Boutique.
  3326 | D:4      | Found Gamycsypi's Antique Armour Boutique.
  3356 | D:4      | Found a burning altar of Makhleb.
  3368 | D:4      | Reached XP level 7. HP: 42/45 MP: 7/7
  3408 | D:4      | Found a shadowy altar of Dithmenos.
  3471 | D:4      | Became a worshipper of Dithmenos the Shadowed
  3575 | D:4      | Reached skill level 8 in Stealth
  3923 | D:5      | Entered Level 5 of the Dungeon
  3986 | D:5      | Reached skill level 5 in Short Blades
  4271 | D:5      | Found a staircase to the Ecumenical Temple.
  4437 | D:5      | Found a glowing silver altar of Zin.
  4515 | D:5      | Noticed Sigmund
  4524 | D:5      | Killed Sigmund
  4525 | D:5      | Reached skill level 5 in Dodging
  4525 | D:5      | Reached skill level 9 in Stealth
  4525 | D:5      | Reached XP level 8. HP: 50/50 MP: 8/8
  5810 | D:6      | Reached * piety under Dithmenos
  5872 | D:6      | Reached skill level 10 in Stealth
  6722 | D:7      | Found Dackej's Jewellery Shoppe.
  6729 | D:7      | Bought the ring "Vokug" {rElec rF+ Will+ Str+6 Dex+4} for
                  | 923 gold pieces
  6759 | D:7      | Reached XP level 9. HP: 54/54 MP: 9/9
  6958 | D:7      | Reached skill level 11 in Stealth
  7205 | D:7      | Found a hazy altar of Hepliaklqana.
  7682 | D:8      | Noticed Amaemon
  7682 | D:8      | Noticed an orange demon
  7685 | D:8      | Killed Amaemon
  7686 | D:8      | Reached skill level 12 in Stealth
  7687 | D:8      | Killed an orange demon
  7688 | D:8      | Reached XP level 10. HP: 60/60 MP: 10/10
  7702 | D:8      | Reached ** piety under Dithmenos
  7770 | D:8      | Reached skill level 13 in Stealth
  7950 | D:8      | Noticed Maurice
  7971 | D:8      | Killed Maurice
  8026 | D:8      | Found a staircase to the Lair.
  8056 | D:8      | Acquired the +3 crown of Dyrovepreva {rElec Int+2 SInv}
  8056 | D:8      | Found the +3 crown of Dyrovepreva {rElec Int+2 SInv}
  8129 | D:8      | Noticed Joseph
  8155 | D:8      | Killed Joseph
  8386 | D:8      | Reached skill level 1 in Spellcasting
  8472 | D:8      | Found a stormy altar of Qazlal.
  8555 | D:8      | Noticed Psyche
  8566 | D:8      | Killed Psyche
  8776 | D:9      | Found a sacrificial altar of Ru.
  8805 | D:9      | Noticed a two-headed ogre
  8830 | D:9      | Killed a two-headed ogre
  8831 | D:9      | Reached skill level 14 in Stealth
  8831 | D:9      | Reached skill level 1 in Hexes
  8831 | D:9      | Reached XP level 11. HP: 39/67 MP: 13/15
  8864 | D:9      | Learned a level 3 spell: Confusing Touch
  8870 | D:9      | Learned a level 5 spell: Yara's Violent Unravelling
  8905 | D:9      | Found a broken altar of Ashenzari.
  8905 | D:9      | Found an iron altar of Okawaru.
  8907 | D:9      | Found a shimmering altar of Xom.
  9166 | D:9      | Reached *** piety under Dithmenos
  9179 | D:9      | Learned a level 2 spell: Ensorcelled Hibernation
  9198 | D:9      | Noticed a two-headed ogre
  9218 | D:9      | Killed a two-headed ogre
  9517 | D:10     | Entered Level 10 of the Dungeon
  9610 | D:10     | Reached skill level 10 in Short Blades
  9710 | D:10     | HP: 1/69 [troll (6)]
  9966 | D:10     | Noticed Fannar
 10354 | D:10     | Reached skill level 5 in Spellcasting
 10383 | D:10     | Learned a level 2 spell: Blink
 10456 | D:10     | Killed Fannar
 10457 | D:10     | Reached skill level 10 in Dodging
 10576 | D:11     | Noticed a hell knight
 10593 | D:11     | Reached **** piety under Dithmenos
 11043 | D:11     | You fall into a shaft and drop 2 floors!
 11052 | D:13     | Noticed a manticore
 11060 | D:13     | Killed a manticore
 11061 | D:13     | Reached skill level 5 in Fighting
 11143 | D:12     | Reached XP level 12. HP: 77/77 MP: 19/21
 11352 | D:12     | Noticed Urug
 11356 | D:12     | Found a staircase to the Orcish Mines.
 11359 | D:12     | Killed Urug
 11662 | D:11     | Noticed a two-headed ogre
 11678 | D:11     | Killed a two-headed ogre
 11679 | D:11     | Reached skill level 5 in Hexes
 12530 | D:12     | Slain by a large slime creature

Illustrated notes

Levels and vault maps discovered:
D:1:      minmay_arrival_hallway, layout_loops_corners, basic_ecumenical_altar,
          minmay_unequal
D:2:      layout_loops_ring, uniq_jessica
D:3:      layout_basic, serial_shops, nicolae_shop_advertising_works
          [nicolae_subvault_shop_adworks], minmay_shallow_snake_nest,
          uniq_natasha
D:4:      layout_rooms, grunt_dithmenos_smoke_and_mirrors,
          makhleb_blood_cavern_becter, slow_altar_1, serial_shops,
          nicolae_square_shop, nicolae_shop_temple_entry_statues_fountains,
          kennysheep_mini_moat, chequers_serial_rivers_large_a,
          minmay_fractal_squares_gapless_5
D:5:      layout_layer_cave, mainiacjoe_overflow_cross_hatched,
          lemuel_temple_firewalk_b, uniq_sigmund
D:6:      layout_basic
D:7:      layout_basic, nicolae_hepliaklqana_hazy_memory, serial_shops,
          nicolae_stop_n_shop_2
D:8:      layout_basic, nicolae_qazlal_style_of_elements,
          grunt_lair_entry_orc_guard_hut, uniq_amaemon, uniq_psyche,
          uniq_joseph, uniq_maurice
D:9:      layout_roguey, nicolae_overflow_crystal_walls,
          gammafunk_temple_overflow_claw
D:10:     layout_loops_ring, uniq_fannar
D:11:     layout_long_grid, grunt_livestock, kennysheep_island_fort
D:12:     layout_basic, orc_0_dummy, serial_glass, glass_columns_a,
          glass_columns_a, glass_columns_a, glass_columns_a, glass_columns_a,
          glass_columns_a, uniq_urug
D:13:     layout_cave_pods, david_vaults_2

Skill      XL: |  1  2  3  4  5  6  7  8  9 10 11 12 |
---------------+-------------------------------------+-----
Dodging        | 2 3 4 5 6 8 9 10 | 10.8
Stealth        | 6 7 9 10 12 14 | 14.1
Short Blades   | 3 4 5 6 8 9 10 11 | 11.1
Spellcasting   | 2 6 7 |  7.6
Fighting       | 3 5 6 |  6.2
Hexes          | 1 4 5 |  5.5
Throwing       | |  2.0

Action                   |  1- 3 |  4- 6 |  7- 9 | 10-12 || total
-------------------------+-------+-------+-------+-------++-------
Melee: Dagger            |    28 |    86 |   196 |   623 ||   933
       Constrict         |     6 |    16 |    29 |    66 ||   117
       Punch             |     1 |     1 |     9 |    18 ||    29
       Tentacles         |     3 |    18 |    58 |   205 ||   284
 Cast: Confusing Touch   |       |       |       |     1 ||     1
  Use: Scroll            |     3 |       |       |    14 ||    17
       Potion            |       |       |       |     2 ||     2
 Stab: Sleeping          |    14 |    15 |    20 |    30 ||    79
       Distracted        |       |     1 |       |     2 ||     3
Armor: Skin              |       |     5 |    14 |    25 ||    44
Dodge: Dodged            |    12 |    20 |   111 |   407 ||   550
